TOP OF THE 1ST |
Springfield Cardinals batting - Pitching for Jacksonville Suns : RHP Jorge Lara
|
Pitching: RHP Jorge Lara
|
|
Batting: RHB Kalidas Mishra
|
0-0: Ball 1-0: Called Strike 1-1: SINGLE (Flyball, 7LS, EV 88.1 MPH)
|
Batting: RHB Ricky Yerzy
|
0-0: Ball 1-0: Grounds into double play, 4-6-3 (Groundball, 34, EV 91.2 MPH)
|
Batting: LHB Travis Ruppel
|
0-0: Swinging Strike 0-1: Called Strike 0-2: Ball 1-2: Foul Ball, location: 2F 1-2: Ball 2-2: Strikes out swinging
|
Top of the 1st over - 0 runs, 1 hit, 0 errors, 0 left on base; Springfield 0 - Jacksonville 0 |
BOTTOM OF THE 1ST |
Jacksonville Suns batting - Pitching for Springfield Cardinals : RHP Chris Ray
|
Pitching: RHP Chris Ray
|
|
Batting: RHB Boof Howell
|
0-0: Ball 1-0: Swinging Strike 1-1: Fly out, F9 (Flyball, 9LM, EV 98.1 MPH)
|
Batting: LHB Carlos Mosqueda
|
0-0: Called Strike 0-1: Swinging Strike 0-2: Strikes out swinging
|
Batting: SHB Matt Moore
|
0-0: Foul Ball, location: 2F 0-1: Called Strike 0-2: Foul Ball, location: 2F 0-2: Ground out 4-3 (Groundball, 34D, EV 102.5 MPH)
|
Bottom of the 1st over - 0 runs, 0 hits, 0 errors, 0 left on base; Springfield 0 - Jacksonville 0 |
TOP OF THE 2ND |
Springfield Cardinals batting - Pitching for Jacksonville Suns : RHP Jorge Lara
|
Batting: RHB Joe Alley
|
0-0: Ball 1-0: Ball 2-0: Reached on error, E6 (Groundball, 56, EV 81.9 MPH)
|
Batting: RHB Tommy Boudreaux
|
0-0: Swinging Strike 0-1: Ball 1-1: Ball 2-1: Ball 3-1: Ground out U3 (Groundball, 3, EV 86.9 MPH) Joe Alley to third
|
Batting: RHB Davey Beeson
|
0-0: Ball 1-0: Swinging Strike 1-1: Ball 2-1: Ball 3-1: Foul Ball, location: 2F 3-2: Base on Balls
|
Batting: RHB Jonathan Davis
|
0-0: Swinging Strike 0-1: Swinging Strike 0-2: Ball 1-2: Fielders Choice at 2nd, 6-4 (Groundball, 6, EV 88.8 MPH) Joe Alley scores
|
Batting: RHB Fekadu Alhaadi
|
0-0: Ball 1-0: Called Strike 1-1: Ball 2-1: Ball Jonathan Davis steals 2nd base 3-1: SINGLE (Groundball, 4MD, EV 95.0 MPH) Jonathan Davis to third Runner from 3rd tries for Home, SAFE, throw by CF to home
|
Batting: RHB Josh Broome
|
0-0: Ball 1-0: Called Strike 1-1: Called Strike 1-2: Foul Ball, location: 2F 1-2: Strikes out looking
|
Top of the 2nd over - 2 runs, 1 hit, 1 error, 1 left on base; Springfield 2 - Jacksonville 0 |
BOTTOM OF THE 2ND |
Jacksonville Suns batting - Pitching for Springfield Cardinals : RHP Chris Ray
|
Batting: LHB Matt McKeon
|
0-0: Ball 1-0: Ball 2-0: Ball 3-0: Called Strike 3-1: Base on Balls
|
Batting: RHB Tom Thompson
|
0-0: Called Strike 0-1: SINGLE (Groundball, 34S, EV 87.5 MPH) (infield hit) Matt McKeon to second
|
Batting: RHB Len Graham
|
0-0: Called Strike 0-1: Ball 1-1: Ball 2-1: Called Strike 2-2: Ball 3-2: Strikes out swinging
|
Batting: RHB Alberto Bravo
|
0-0: Ball 1-0: Foul Ball, location: 2F 1-1: Fielders Choice at 2nd, 6-4 (Groundball, 6M, EV 88.8 MPH) Matt McKeon to third
|
Batting: LHB Orlando Rivera
|
0-0: Ball 1-0: Swinging Strike 1-1: Ball 2-1: Foul Ball, location: 2F 2-2: Strikes out swinging
|
Bottom of the 2nd over - 0 runs, 1 hit, 0 errors, 2 left on base; Springfield 2 - Jacksonville 0 |
TOP OF THE 3RD |
Springfield Cardinals batting - Pitching for Jacksonville Suns : RHP Jorge Lara
|
Batting: RHB Kalidas Mishra
|
0-0: Ball 1-0: SINGLE (Groundball, 25, EV 67.5 MPH) (infield hit)
|
Batting: RHB Ricky Yerzy
|
Pickoff Throw to First - Out! 1-3 CS 0-0: Ball 1-0: Foul Ball, location: 2F 1-1: DOUBLE (Line Drive, 89M, EV 93.8 MPH)
|
Batting: LHB Travis Ruppel
|
0-0: Called Strike Ricky Yerzy steals 3rd base 0-1: Foul Ball, location: 2F 0-2: Ball 1-2: Fly out, F7 (Flyball, 7S, EV 86.9 MPH)
|
Batting: RHB Joe Alley
|
0-0: Foul Ball, location: 2F 0-1: Swinging Strike 0-2: Ball 1-2: Ball 2-2: Fly out, F2 (Popup, 23F, EV 91.2 MPH)
|
Top of the 3rd over - 0 runs, 2 hits, 0 errors, 1 left on base; Springfield 2 - Jacksonville 0 |
BOTTOM OF THE 3RD |
Jacksonville Suns batting - Pitching for Springfield Cardinals : RHP Chris Ray
|
Batting: LHB Emilio Cordero
|
0-0: Ball 1-0: Ball 2-0: Swinging Strike 2-1: Swinging Strike 2-2: Ball 3-2: Strikes out swinging
|
Batting: RHB Boof Howell
|
0-0: Ball 1-0: Swinging Strike 1-1: Called Strike 1-2: Ball 2-2: Ball 3-2: Foul Ball, location: 2F 3-2: Strikes out swinging
|
Batting: LHB Carlos Mosqueda
|
0-0: Called Strike 0-1: Ball 1-1: Called Strike 1-2: Ball 2-2: Ball 3-2: Fly out, F7 (Flyball, 7, EV 91.9 MPH)
|
Bottom of the 3rd over - 0 runs, 0 hits, 0 errors, 0 left on base; Springfield 2 - Jacksonville 0 |
TOP OF THE 4TH |
Springfield Cardinals batting - Pitching for Jacksonville Suns : RHP Jorge Lara
|
Batting: RHB Tommy Boudreaux
|
0-0: Swinging Strike 0-1: Ball 1-1: Ball 2-1: Ball 3-1: Base on Balls
|
Batting: RHB Davey Beeson
|
0-0: Called Strike 0-1: Foul Ball, location: 2F 0-2: Ball 1-2: Ball 2-2: Ball 3-2: Base on Balls Tommy Boudreaux to second
|
Batting: RHB Jonathan Davis
|
0-0: SINGLE (Groundball, 6D, EV 96.2 MPH) Tommy Boudreaux to third Davey Beeson to second Runner from 3rd tries for Home, SAFE, throw by CF to home
|
Batting: RHB Fekadu Alhaadi
|
0-0: Swinging Strike 0-1: Foul Ball, location: 2F 0-2: Foul Ball, location: 2F 0-2: Strikes out swinging
|
Batting: RHB Josh Broome
|
0-0: Fielders Choice at 2nd, 3-6 (Groundball, 34S, EV 88.1 MPH) Davey Beeson to third
|
Batting: RHB Kalidas Mishra
|
0-0: Ground out 4-3 (Groundball, 4, EV 84.4 MPH)
|
Top of the 4th over - 1 run, 1 hit, 0 errors, 2 left on base; Springfield 3 - Jacksonville 0 |
BOTTOM OF THE 4TH |
Jacksonville Suns batting - Pitching for Springfield Cardinals : RHP Chris Ray
|
Batting: SHB Matt Moore
|
0-0: Called Strike 0-1: Ball 1-1: Ball 2-1: Ball 3-1: Base on Balls
|
Batting: LHB Matt McKeon
|
0-0: Ball 1-0: Called Strike 1-1: Foul Ball, location: 2F 1-2: Strikes out looking
|
Batting: RHB Tom Thompson
|
0-0: Called Strike 0-1: Ball 1-1: Called Strike 1-2: Strikes out swinging
|
Batting: RHB Len Graham
|
0-0: Called Strike 0-1: Fly out, F9 (Flyball, 89M, EV 88.8 MPH)
|
Bottom of the 4th over - 0 runs, 0 hits, 0 errors, 1 left on base; Springfield 3 - Jacksonville 0 |
TOP OF THE 5TH |
Springfield Cardinals batting - Pitching for Jacksonville Suns : RHP Jorge Lara
|
Batting: RHB Ricky Yerzy
|
0-0: Fly out, F7 (Flyball, 78M, EV 74.4 MPH)
|
Batting: LHB Travis Ruppel
|
0-0: Ball 1-0: Called Strike 1-1: Swinging Strike 1-2: Strikes out swinging
|
Batting: RHB Joe Alley
|
0-0: Ball 1-0: Foul Ball, location: 2F 1-1: Hit by Pitch
|
Batting: RHB Tommy Boudreaux
|
0-0: Ball 1-0: Ball 2-0: Called Strike 2-1: Called Strike 2-2: Ball 3-2: Foul Ball, location: 2F 3-2: Ground out 6-3 (Groundball, 6, EV 82.5 MPH)
|
Top of the 5th over - 0 runs, 0 hits, 0 errors, 1 left on base; Springfield 3 - Jacksonville 0 |
BOTTOM OF THE 5TH |
Jacksonville Suns batting - Pitching for Springfield Cardinals : RHP Chris Ray
|
Batting: RHB Alberto Bravo
|
0-0: Ball 1-0: Foul Ball, location: 2F 1-1: Called Strike 1-2: Ball 2-2: Fly out, F7 (Flyball, 7, EV 78.8 MPH)
|
Batting: LHB Orlando Rivera
|
0-0: Foul Ball, location: 2F 0-1: Swinging Strike 0-2: Ball 1-2: Ground out 4-3 (Groundball, 4, EV 103.1 MPH)
|
Batting: LHB Emilio Cordero
|
0-0: Called Strike 0-1: Ball 1-1: Swinging Strike 1-2: Ground out 2-3 (Groundball, 2R, EV 68.1 MPH)
|
Bottom of the 5th over - 0 runs, 0 hits, 0 errors, 0 left on base; Springfield 3 - Jacksonville 0 |
TOP OF THE 6TH |
Springfield Cardinals batting - Pitching for Jacksonville Suns : RHP Jorge Lara
|
Pitching: RHP Matt Alexander
|
|
Batting: RHB Davey Beeson
|
0-0: Called Strike 0-1: Fly out, F8 (Line Drive, 8LM, EV 106.9 MPH)
|
Batting: RHB Jonathan Davis
|
0-0: Ball 1-0: Called Strike 1-1: DOUBLE (Flyball, 78XD, EV 103.8 MPH)
|
Batting: RHB Fekadu Alhaadi
|
0-0: Ball 1-0: Called Strike 1-1: Ball 2-1: SINGLE (Groundball, P, EV 88.8 MPH) (infield hit) Jonathan Davis to third
|
Batting: RHB Josh Broome
|
0-0: Called Strike Fekadu Alhaadi steals 2nd base 0-1: Ball 1-1: Ground out 5-3 (Groundball, 56S, EV 81.2 MPH)
|
Batting: RHB Kalidas Mishra
|
0-0: Ball 1-0: Swinging Strike 1-1: Ball 2-1: Ball 3-1: SINGLE (Groundball, 56D, EV 97.5 MPH) Jonathan Davis scores Fekadu Alhaadi to third Runner from 3rd tries for Home, SAFE, throw by LF to home
|
Batting: RHB Ricky Yerzy
|
0-0: Called Strike Kalidas Mishra steals 2nd base 0-1: Swinging Strike 0-2: Ball 1-2: Strikes out swinging
|
Top of the 6th over - 2 runs, 3 hits, 0 errors, 1 left on base; Springfield 5 - Jacksonville 0 |
BOTTOM OF THE 6TH |
Jacksonville Suns batting - Pitching for Springfield Cardinals : RHP Chris Ray
|
Batting: RHB Boof Howell
|
0-0: Ground out 4-3 (Groundball, 4M, EV 83.1 MPH)
|
Batting: LHB Carlos Mosqueda
|
0-0: Ball 1-0: Ball 2-0: Swinging Strike 2-1: Ground out U3 (Groundball, 34, EV 100.6 MPH)
|
Batting: SHB Matt Moore
|
0-0: Ball 1-0: Ball 2-0: Foul Ball, location: 2F 2-1: Foul Ball, location: 2F 2-2: Foul Ball, location: 2F 2-2: Ball 3-2: Base on Balls
|
Batting: LHB Matt McKeon
|
0-0: Called Strike 0-1: Swinging Strike 0-2: Ball 1-2: Ball 2-2: Foul Ball, location: 2F 2-2: Ball 3-2: Base on Balls Matt Moore to second
|
Batting: RHB Tom Thompson
|
0-0: Ball 1-0: Ball 2-0: Foul Ball, location: 2F 2-1: Ball 3-1: Base on Balls Matt Moore to third Matt McKeon to second
|
Pitching: RHP Ben Cook
|
|
Batting: RHB Len Graham
|
0-0: Fielders Choice at 2nd, 6-4 (Groundball, 6, EV 98.1 MPH)
|
Bottom of the 6th over - 0 runs, 0 hits, 0 errors, 3 left on base; Springfield 5 - Jacksonville 0 |
TOP OF THE 7TH |
Springfield Cardinals batting - Pitching for Jacksonville Suns : RHP Matt Alexander
|
Batting: LHB Travis Ruppel
|
0-0: Ball 1-0: Called Strike 1-1: Swinging Strike 1-2: Strikes out swinging
|
Pitching: RHP Campbell Wagenmakers
|
|
Batting: RHB Joe Alley
|
0-0: Fly out, F8 (Flyball, 8RD, EV 91.2 MPH)
|
Batting: RHB Tommy Boudreaux
|
0-0: Swinging Strike 0-1: Ball 1-1: Swinging Strike 1-2: Ball 2-2: Strikes out swinging
|
Top of the 7th over - 0 runs, 0 hits, 0 errors, 0 left on base; Springfield 5 - Jacksonville 0 |
BOTTOM OF THE 7TH |
Jacksonville Suns batting - Pitching for Springfield Cardinals : RHP Ben Cook
|
Batting: RHB Alberto Bravo
|
0-0: Swinging Strike 0-1: Ball 1-1: Foul Ball, location: 2F 1-2: Foul Ball, location: 2F 1-2: Ground out 6-3 (Groundball, 6M, EV 85.0 MPH)
|
Batting: LHB Orlando Rivera
|
0-0: Called Strike 0-1: Called Strike 0-2: Strikes out swinging
|
Batting: LHB Emilio Cordero
|
0-0: SINGLE (Groundball, 4MD, EV 96.9 MPH)
|
Batting: RHB Boof Howell
|
0-0: Called Strike 0-1: Ball 1-1: Ball 2-1: Called Strike 2-2: Ball 3-2: Base on Balls Emilio Cordero to second
|
Batting: LHB Carlos Mosqueda
|
0-0: Ball 1-0: Foul Ball, location: 2F 1-1: Foul Ball, location: 2F 1-2: SINGLE (Groundball, 23, EV 64.4 MPH) (infield hit) Emilio Cordero to third Boof Howell to second
|
Pitching: LHP Michael Twigg
|
|
Batting: SHB Matt Moore
|
0-0: Called Strike 0-1: Ball 1-1: Foul Ball, location: 2F 1-2: Ball 2-2: Fly out, F9 (Flyball, 9, EV 90.6 MPH)
|
Bottom of the 7th over - 0 runs, 2 hits, 0 errors, 3 left on base; Springfield 5 - Jacksonville 0 |
TOP OF THE 8TH |
Springfield Cardinals batting - Pitching for Jacksonville Suns : RHP Campbell Wagenmakers
|
Batting: RHB Davey Beeson
|
0-0: Ball 1-0: Called Strike 1-1: Ground out 3-1 (Groundball, 34, EV 83.1 MPH)
|
Batting: RHB Jonathan Davis
|
0-0: Foul Ball, location: 2F 0-1: Ball 1-1: Fly out, F4 (Popup, 4D, EV 51.2 MPH)
|
Batting: RHB Fekadu Alhaadi
|
0-0: Swinging Strike 0-1: Ball 1-1: Ground out 5-3 (Groundball, 56S, EV 63.1 MPH)
|
Top of the 8th over - 0 runs, 0 hits, 0 errors, 0 left on base; Springfield 5 - Jacksonville 0 |
BOTTOM OF THE 8TH |
Jacksonville Suns batting - Pitching for Springfield Cardinals : LHP Michael Twigg
|
Batting: LHB Matt McKeon
|
0-0: Ball 1-0: Foul Ball, location: 2F 1-1: Called Strike 1-2: Ball 2-2: Strikes out looking
|
Batting: RHB Tom Thompson
|
0-0: Swinging Strike 0-1: Ball 1-1: Ball 2-1: Foul Ball, location: 2F 2-2: SINGLE (Line Drive, 34, EV 106.9 MPH)
|
Batting: RHB Len Graham
|
0-0: Swinging Strike 0-1: Swinging Strike 0-2: Fielders Choice at 2nd, 6-4 (Groundball, 6, EV 105.6 MPH)
|
Batting: RHB Alberto Bravo
|
0-0: Swinging Strike 0-1: Ball 1-1: Ball Wild Pitch! Len Graham to second 2-1: Swinging Strike 2-2: Strikes out swinging
|
Bottom of the 8th over - 0 runs, 1 hit, 0 errors, 1 left on base; Springfield 5 - Jacksonville 0 |
TOP OF THE 9TH |
Springfield Cardinals batting - Pitching for Jacksonville Suns : RHP Campbell Wagenmakers
|
Batting: RHB Josh Broome
|
0-0: Ground out 6-3 (Groundball, 6, EV 80.6 MPH)
|
Batting: RHB Kalidas Mishra
|
0-0: Called Strike 0-1: Foul Ball, location: 2F 0-2: Ball 1-2: Fly out, F9 (Flyball, 9LSF, EV 91.9 MPH)
|
Batting: RHB Ricky Yerzy
|
0-0: Swinging Strike 0-1: Foul Ball, location: 2F 0-2: Ball 1-2: Ball 2-2: Strikes out swinging
|
Top of the 9th over - 0 runs, 0 hits, 0 errors, 0 left on base; Springfield 5 - Jacksonville 0 |
BOTTOM OF THE 9TH |
Jacksonville Suns batting - Pitching for Springfield Cardinals : LHP Michael Twigg
|
Batting: LHB Orlando Rivera
|
0-0: Ball 1-0: Ground out 4-3 (Groundball, 4, EV 83.1 MPH)
|
Pinch Hitting: RHB Akira Suzuki
|
0-0: Fly out, F8 (Flyball, 8RS, EV 90.6 MPH)
|
Batting: RHB Boof Howell
|
0-0: Ball 1-0: Foul Ball, location: 2F 1-1: Foul Ball, location: 2F 1-2: Ball 2-2: Ground out 5-3 (Groundball, 5S, EV 71.2 MPH)
|
Bottom of the 9th over - 0 runs, 0 hits, 0 errors, 0 left on base; Springfield 5 - Jacksonville 0 |
|